 Dungeon Crawl Stone Soup version 0.27.1-3-gb3d3a73c9e (webtiles) character file.

Game seed: 13532375904336908312

471973 belegose the Spry (level 24, -24/187 HPs)
             Began as a Merfolk Abyssal Knight on Oct 22, 2021.
             Was the Champion of Lugonu.
             Killed from afar by a tengu reaver (44 damage)
             ... with a bolt of lightning
             ... led by Sojobo
             ... on level 4 of the Vaults on Oct 25, 2021.
             The game lasted 06:36:38 (97376 turns).

belegose the Spry (Merfolk Abyssal Knight)         Turns: 97376, Time: 06:36:39

Health: -24/187    AC: 34    Str: 14    XL:     24   Next: 69%
Magic:  33/38      EV: 15    Int: 19    God:    Lugonu [******]
Gold:   3382       SH: 20    Dex: 15    Spells: 9/46 levels left

rFire    + + +     SeeInvis +   a - +9 demon trident (vamp)
rCold    + + +     Faith    .   z - +2 shield of Resistance {rF++ rC++ Will++}
rNeg     + . .     Spirit   .   l - +7 pearl dragon scales
rPois    +         Reflect  +   R - +2 helmet {SInv}
rElec    .         Harm     .   S - +2 cloak {Stlth+}
rCorr    +         Rampage  .   L - +2 pair of gloves
Will     ++++.                  F - +2 pair of boots
Stlth    ++++......             f - amulet of reflection
HPRegen  0.00/turn              D - ring "Olixt" {rPois rF+ rC+ Will+ rCorr}
MPRegen  0.26/turn              d - ring of wizardry

@: lethally poisoned (-24 -> -27), slightly contaminated, inhibited regen,
studying 2 skills
A: (nimble swimmer 2), mertail, mutation resistance 1, screaming 1, inhibited
regeneration
}: 2/15 runes: barnacled, gossamer
a: Renounce Religion, Depart the Abyss, Bend Space, Banish, Corrupt, Enter the
Abyss, Brand Weapon With Distortion


You were on level 4 of the Vaults.
You worshipped Lugonu.
Lugonu was exalted by your worship.
You visited 10 branches of the dungeon, and saw 46 of its levels.
You visited the Abyss 1 time.
You visited 1 bazaar.
You also visited: Ossuary, Volcano and Wizlab.

You collected 8033 gold pieces.
You spent 4651 gold pieces at shops.

Inventory:

Hand Weapons
 a - a +9 vampiric demon trident (weapon)
 b - the +8 broad axe "Ociy" {pain, rElec Int+3 Dex+3}
   (You found it on level 2 of the Depths)

   In the hands of one skilled in necromantic magic, it inflicts extra damage on
   living creatures.
   Int:       It affects your intelligence (+3).
   Dex:       It affects your dexterity (+3).
   rElec:     It insulates you from electricity.
Missiles
 g - 4 silver boomerangs
 i - 5 throwing nets
 m - 42 boomerangs
 O - 41 javelins
 V - 14 silver javelins (quivered)
Armour
 l - +7 pearl dragon scales (worn)
 z - the +2 shield of Resistance (worn) {rF++ rC++ Will++}
   (You found it on level 13 of the Dungeon)

   rF:        It greatly protects you from fire.
   rC:        It greatly protects you from cold.
   Will:      It greatly increases your willpower.
 F - a +2 pair of boots (worn)
 L - a +2 pair of gloves (worn)
 R - a +2 helmet of see invisible (worn)
 S - a +2 cloak of stealth (worn)
Jewellery
 d - a ring of wizardry (right hand)
 f - an amulet of reflection (around neck)
 D - the ring "Olixt" (left hand) {rPois rF+ rC+ Will+ rCorr}
   (You bought it in a shop on level 2 of the Elven Halls)

   [ring of protection from fire]

   rF:        It protects you from fire.
   rC:        It protects you from cold.
   rPois:     It protects you from poison.
   rCorr:     It protects you from acid and corrosion.
   Will:      It increases your willpower.
Wands
 u - a wand of digging (4)
 C - a wand of paralysis (30)
 K - a wand of acid (28)
 T - a wand of charming (2)
 Y - a wand of iceblast (44)
Scrolls
 e - 3 scrolls of blinking
 h - 6 scrolls of fog
 q - 4 scrolls of identify
 r - 14 scrolls of teleportation
 v - 7 scrolls of fear
 y - 2 scrolls of silence
 Q - 4 scrolls of summoning
 Z - 3 scrolls of magic mapping
Potions
 j - 3 potions of magic
 n - 18 potions of curing
 o - 8 potions of flight
 p - 10 potions of lignification
 s - 4 potions of cancellation
 t - 12 potions of heal wounds
 w - 6 potions of berserk rage
 x - 6 potions of haste
 G - 5 potions of resistance
 I - 4 potions of mutation
 M - 12 potions of ambrosia
 N - 6 potions of invisibility
 U - 6 potions of might
Miscellaneous
 E - a phantom mirror
 H - a condenser vane
 J - a box of beasts


   Skills:
 - Level 14.8 Fighting
 - Level 3.3 Long Blades
 - Level 14.0 Polearms
 - Level 10.0 Throwing
 - Level 9.0 Armour
 - Level 15.0 Dodging
 - Level 12.0 Stealth
 - Level 15.0 Shields
 - Level 11.5 Spellcasting
 - Level 13.3 Hexes
 - Level 13.0 Summonings
 - Level 3.0 Necromancy
 + Level 13.3 Ice Magic
 - Level 4.0 Air Magic
 - Level 10.0 Poison Magic
 - Level 14.2 Invocations
 - Level 10.3 Evocations


You had 9 spell levels left.
You knew the following spells:

 Your Spells              Type           Power      Damage    Failure   Level
a - Poisonous Vapours     Pois/Air       74%        N/A       1%          2
b - Olgreb's Toxic Radia  Pois           48%        N/A       1%          4
c - Call Canine Familiar  Summ           57%        N/A       1%          3
d - Confusing Touch       Hex            58%        N/A       1%          3
e - Summon Guardian Gole  Hex/Summ       57%        N/A       1%          3
f - Swiftness             Air            26%        N/A       6%          3
g - Summon Mana Viper     Hex/Summ       57%        N/A       1%          5
h - Animate Skeleton      Necr           44%        N/A       3%          1
i - Invisibility          Hex            29%        N/A       7%          6
j - Ozocubu's Refrigerat  Ice            28%        4d10      36%         7

Your spell library contained the following spells:

 Spells                   Type           Power      Damage    Failure   Level
 Corona                   Hex            64%        N/A       1%          1
 Sting                    Tmut/Pois      100%       1d8       1%          1
 Summon Small Mammal      Summ           100%       N/A       1%          1
 Ensorcelled Hibernation  Hex/Ice        100%       N/A       1%          2
 Slow                     Hex            58%        N/A       1%          2
 Ozocubu's Armour         Ice            57%        N/A       1%          3
 Cause Fear               Hex            29%        N/A       1%          4
 Summon Ice Beast         Ice/Summ       57%        N/A       1%          4
 Metabolic Englaciation   Hex/Ice        28%        N/A       1%          5
 Dazzling Flash           Conj/Hex       72%        N/A       2%          3
 Inner Flame              Hex/Fire       36%        N/A       2%          3
 Portal Projectile        Hex/Tloc       72%        N/A       2%          3
 Pain                     Necr           88%        1d8       3%          1
 Shock                    Conj/Air       72%        1d7       4%          1
 Corpse Rot               Necr/Air       N/A        N/A       4%          2
 Sublimation of Blood     Necr           11%        N/A       4%          2
 Spider Form              Tmut/Pois      14%        N/A       4%          3
 Static Discharge         Conj/Air       18%        N/A       8%          2
 Animate Armour           Summ/Erth      70%        N/A       8%          4
 Hailstorm                Conj/Ice       36%        3d9       8%          4
 Ice Form                 Ice/Tmut       36%        N/A       8%          4
 Leda's Liquefaction      Hex/Erth       18%        N/A       8%          4
 Silence                  Hex/Air        21%        N/A       9%          5
 Vampiric Draining        Necr           11%        2d7       10%         3
 Apportation              Tloc           20%        N/A       12%         1
 Beastly Appendage        Tmut           20%        N/A       12%         1
 Foxfire                  Conj/Fire      40%        2x1d6     12%         1
 Magic Dart               Conj           40%        1d5       12%         1
 Sandblast                Erth           20%        2d7       12%         1
 Passwall                 Tmut/Erth      8%         N/A       16%         2
 Wereblood                Tmut           10%        N/A       16%         2
 Airstrike                Air            13%        N/A       21%         4
 Summon Forest            Summ/Tloc      17%        N/A       21%         5
 Yara's Violent Unravell  Hex/Tmut       18%        3d9       21%         5
 Freezing Cloud           Conj/Ice/Air   16%        6-21      28%         5
 Lesser Beckoning         Tloc           5%         N/A       32%         3
 Stone Arrow              Conj/Erth      20%        3d8       32%         3
 Animate Dead             Necr           11%        N/A       32%         4
 Dispel Undead            Necr           22%        3d12      32%         4
 Alistair's Intoxication  Tmut/Pois      19%        N/A       36%         5
 Monstrous Menagerie      Summ           28%        N/A       41%         7
 Summon Hydra             Summ           28%        N/A       41%         7
 Simulacrum               Ice/Necr       20%        N/A       50%         6
 Agony                    Necr           22%        N/A       63%         5
 Excruciating Wounds      Necr           11%        N/A       63%         5
 Petrify                  Tmut/Erth      10%        N/A       69%         4
 Sticky Flame             Conj/Fire      10%        2d3       69%         4
 Lightning Bolt           Conj/Air       9%         1d21      77%         5
 Borgnjor's Vile Clutch   Necr/Erth      8%         N/A       82%         5
 Eringya's Noxious Bog    Tmut/Pois      14%        N/A       89%         6
 Blade Hands              Tmut           5%         N/A       95%         5
 Bolt of Magma            Conj/Fire/Erth 5%         4d5       95%         5
 Fireball                 Conj/Fire      5%         3d5       95%         5
 Iskenderun's Battlesphe  Conj           10%        2d6       95%         5
 Manifold Assault         Tloc           10%        N/A       95%         5
 Discord                  Hex            29%        N/A       95%         8
 Haunt                    Necr/Summ      20%        N/A       96%         7
 Conjure Ball Lightning   Conj/Air       9%         3x3d6     99%         6
 Death Channel            Necr           11%        N/A       99%         6
 Malign Gateway           Summ/Tloc      17%        N/A       99%         7
 Iron Shot                Conj/Erth      5%         9d2       100%        6
 Orb of Destruction       Conj           5%         9d2       100%        7
 Storm Form               Tmut/Air       9%         N/A       100%        7
 Disjunction              Tloc           5%         N/A       100%        8
 Ignition                 Fire           5%         3d4       100%        8
 Lehudib's Crystal Spear  Conj/Erth      5%         10d3      100%        8
 Maxwell's Capacitive Co  Air            13%        ∞         100%        8
 Chain Lightning          Conj/Air       9%         3d12      100%        9
 Fire Storm               Conj/Fire      5%         8d1       100%        9
 Shatter                  Erth           5%         3d8*      100%        9


Dungeon Overview and Level Annotations

Branches:
Dungeon (15/15)            Temple (1/1) D:4            Lair (6/6) D:11
 Shoals (4/4) Lair:2       Spider (4/4) Lair:3        Slime (0/5) Lair:5
    Orc (2/2) D:11            Elf (3/3) Orc:2        Vaults (4/5) D:14
  Crypt (3/3) Vaults:3       Tomb (0/3) Crypt:3      Depths (4/5) D:15
Ossuary (visited)         Volcano (visited)          WizLab (visited)

Altars:
Cheibriados
Elyvilon
Gozag
Hepliaklqana
Kikubaaqudgha
Makhleb
Nemelex Xobeh
Okawaru
Qazlal
Sif Muna
Trog
Uskayaw
Vehumet
Xom
Yredelemnul

Shops:
D:2 (   D:3 ![!   D:4 !   D:13 (   Orc:2 [*[(   Elf:2 =:=   Elf:3 *
Depths:2 *   Depths:4 [

Portals:
Hell: Depths:1 Depths:2 Depths:3
Abyss: Depths:1
Pandemonium: Depths:3
Trove: D:13 (give +6 demon blade)

Annotations:
D:6 Menkaure
D:9 3 runed translucent doors, exclusion: 3 doors, barney's ghost, novice DrTm
Shoals:3 Mara
Shoals:4 3 runed translucent doors, exclusion: 3 doors
Elf:2 3 runed translucent doors, exclusion: 3 doors
Elf:3 corrupted, exclusion: upstairs
Vaults:1 2 runed translucent doors, exclusion: 2 doors, Sianeop's ghost, adept GrFi
Vaults:2 exclusion: obsidian statue
Vaults:4 Sojobo
Depths:1 exclusion: orange crystal statue
Depths:3 5 runed translucent doors, exclusion: 5 doors
Depths:4 Mennas
Abyss:1 Arachne


Innate Abilities, Weirdness & Mutations

((You are quick and stealthy near water. (Stealth+, EV+, Speed+++)))
Your lower body shifts to a powerful aquatic tail in water.
You are somewhat resistant to further mutation.
You occasionally shout uncontrollably at your foes.
You do not regenerate when monsters are visible.


Message History

Sojobo opens the door.
Sojobo barks orders to her subordinates.
Sojobo waves her feathered arms in wide circles.
The air twists around and strikes you.
Items here: ( )) [[ ÷.
There is an open door, spattered with blood here.
Things that are here:
19 bolts; a +0 arbalest The tengu reaver casts a spell at you.
The bolt of poison hits you!
You are poisoned.
You resist.
* * * LOW HITPOINT WARNING * * *
The air crackles briefly around Sojobo.
Sojobo waves her feathered arms in wide circles.
The air twists around and strikes you!
* * * LOW HITPOINT WARNING * * *
Things that are here:
22 bolts; a +0 arbalest; a yaktaur skeleton You close the door, pushing everything out of the way.
You feel very sick.
You feel very sick.
Something unseen opens the door.
You feel very sick. The tengu reaver casts a spell at you.
The bolt of poison hits you. You resist.
* * * LOW HITPOINT WARNING * * *
As you read the scroll of fog, it crumbles to dust.
The scroll dissolves into smoke.
You feel sick. The tengu reaver casts a spell at you.
The bolt of lightning misses you.
You feel less contaminated with magical energies.
You feel sick.
There is an open door here.
You feel sick.
You feel sick.
You feel sick.
The tengu reaver points at you and mumbles some strange words.
The bolt of lightning hits you!!!
You die...

#....#..#....# #.......#
#....#..#....# #.......#
+...##?.##...# #.......#
#...#...(#...# #.......#
'...'Q..QQ(..# #(<.....#
#...#....#(§.# #.......#
#...##..##§§§# #.......#
#....#..#.§§Q##############'#
#....#..#.§§§§..@...'...<...#
#....#..#...§#§.....'.......#
##############...[..#.......#
#......#.......#
#......#.......# #######
#....(.#.......# #.....#
#......######### #..#..#
#......# ##∩## #.....#
############...#####


You could see a tengu reaver.

Vanquished Creatures
  Frederick (Vaults:2)
  A caustic shrike (Depths:3)
  Nikola (Lair:3)
  Jory (Crypt:2)
  A golden dragon (Depths:3)
  A bone dragon (Crypt:3)
  A pearl dragon (Depths:3)
  6 liches
  2 titans (Depths:3)
  2 ancient champions (Crypt:2)
  An acid blob (shapeshifter) (Depths:3)
  Kirke (Lair:5)
  Polyphemus (Shoals:1)
  Gastronok (Lair:3)
  5 sphinxes
  A revenant (Crypt:1)
  2 tengu reavers
  2 fire giants (Depths:3)
  9 frost giants
  Ilsuiw (Shoals:2)
  6 vault wardens
  A deep elf sorcerer (Elf:1)
  3 ghost moths (Spider:4)
  An iron dragon (Depths:4)
  2 emperor scorpions (Spider:4)
  Aizul (Spider:2)
  2 curse skulls
  7 ironbound preservers
  3 deep elf elementalists
  3 ghouls
  14 stone giants
  A quicksilver ooze (shapeshifter) (Elf:1)
  9 vampire knights
  15 very ugly things
  A deep elf demonologist (Elf:2)
  2 entropy weavers
  Azrael (Spider:1)
  3 spark wasps
  2 dire elephants
  2 eidola
  3 deep elf death magi
  5 merfolk javelineers
  10 ettins
  8 fire dragons
  8 jiangshi
  8 merfolk impalers
  An ettin (shapeshifter) (Elf:1)
  A quicksilver dragon zombie (Crypt:3)
  2 deep elf high priests (Depths:3)
  6 yaktaur captains
  5 vault guards
  4 great orbs of eyes
  2 ironbound thunderhulks (Vaults:3)
  5 ice dragons
  A boulder beetle (D:12)
  4 rakshasas
  A spriggan air mage (Depths:3)
  A catoblepas (Shoals:2)
  4 ogre magi
  Erolcha (D:12)
  2 death knights
  4 merfolk avatars
  19 centaur warriors
  12 hydras
  An alligator (shapeshifter) (Elf:1)
  5 ironbound frosthearts
  17 two-headed ogres
  2 deep troll shamans (Depths:3)
  6 death yaks
  5 merfolk aquamancers
  10 dancing weapons
  11 deep troll earth magi
  4 ironbound beastmasters
  5 tengu warriors
  6 vampire magi
  A titan zombie (Crypt:1)
  2 spriggan berserkers
  13 deep elf knights
  A soul eater (Vaults:3)
  12 hell knights
  Nergalle (D:10)
  5 iron trolls
  24 skeletal warriors
  29 deep trolls
  A ghost moth zombie (Crypt:1)
  A storm dragon skeleton (Depths:2)
  An anaconda zombie (Crypt:1)
  A swamp dragon (Lair:5)
  15 sea snakes
  2 glowing orange brains
  3 flayed ghosts
  14 deep elf archers
  7 wizards
  10 phantasmal warriors
  An anaconda skeleton (Crypt:3)
  Pikel (D:4)
  A harpy (shapeshifter) (D:15)
  5 lindwurms
  14 harpies
  An orc knight (Orc:1)
  11 ironbound convokers
  6 necromancers
  18 orb spiders
  An orb spider (shapeshifter) (Depths:3)
  22 deep elf zephyrmancers
  32 ugly things
  17 manticores
  3 fire giant zombies (Crypt:2)
  41 wolf spiders
  21 deep elf pyromancers
  2 frost giant zombies (Crypt:2)
  8 fauns (Shoals:2)
  2 orc sorcerers
  3 shadow dragon skeletons
  5 moths of wrath
  6 elephants
  A black mamba (Lair:5)
  11 merfolk sirens
  2 torpor snails
  2 naga magi (D:15)
  A dire elephant zombie (Crypt:1)
  11 water nymphs
  2 fire giant skeletons
  6 gargoyles
  3 smoke demons (Crypt:3)
  8 vault sentinels
  A black mamba (shapeshifter) (Elf:1)
  An alligator snapping turtle zombie (Crypt:2)
  9 cane toads
  A catoblepas zombie (Crypt:2)
  3 centaur skeletons (D:15)
  14 komodo dragons
  5 freezing wraiths
  A shock serpent skeleton (Crypt:2)
  2 rime drakes
  A nameless horror (Spider:4)
  21 yaktaurs
  5 tengu conjurers
  14 demonic crawlers
  A white draconian skeleton (Crypt:1)
  2 efreet
  A queen bee (D:12)
  A hydra zombie (Crypt:3)
  A guardian mummy (Crypt:3)
  7 wind drakes
  8 polar bears
  2 red devils (Crypt:3)
  A polar bear (shapeshifter) (Elf:1)
  7 hornets
  21 merfolk
  A raiju (Crypt:2)
  4 trolls
  47 jumping spiders
  3 meliai (D:12)
  2 wolf spider simulacra
  10 slime creatures
  25 blink frogs
  9 dream sheep (Lair:6)
  A snapping turtle (shapeshifter) (Vaults:4)
  A dream sheep (shapeshifter) (Depths:4)
  An alligator zombie (Crypt:1)
  2 ettin zombies
  2 centaur simulacra
  8 snapping turtles
  15 water elementals
  2 ice dragon skeletons (Crypt:3)
  13 flying skulls
  13 spriggans (Lair:6)
  3 air elementals (Elf:2)
  4 wyverns
  Sigmund (D:5)
  86 redbacks
  6 fire elementals
  An alligator skeleton (Crypt:2)
  4 shadows
  6 fire bats (Volcano)
  27 tarantellas
  3 hogs (Lair:4)
  8 humans (D:14)
  11 wraiths
  47 yaks
  A steam dragon (Lair:2)
  2 basilisks
  2 vampire mosquitoes (D:13)
  A swamp worm (shapeshifter) (Elf:3)
  4 wargs
  A monstrous demonspawn zombie (Crypt:1)
  2 acid dragons
  13 water moccasins
  A water moccasin (shapeshifter) (Elf:1)
  7 hell hounds
  A floating eye (shapeshifter) (Depths:3)
  13 orc warriors
  A snapping turtle zombie (Crypt:1)
  An ice beast (D:8)
  21 ogres
  7 black bears
  2 sky beasts
  An ettin simulacrum (Depths:2)
  8 boggarts
  A necrophage (Crypt:2)
  32 wolves
  A tengu (shapeshifter) (Depths:3)
  A phantom (D:6)
  12 centaurs
  2 lemures
  2 kobold brigands
  4 elf zombies (Ossuary)
  14 bullfrogs
  An earth elemental (Elf:2)
  A scorpion (Lair:2)
  2 wyvern skeletons
  A water moccasin skeleton (Crypt:2)
  3 jellies
  26 killer bees
  A polar bear skeleton (Crypt:2)
  3 electric eels
  8 howler monkeys
  A vampire bat (Lair:1)
  6 lava snakes (Volcano)
  2 bullfrog zombies
  4 centaur zombies
  A black bear zombie (Crypt:1)
  12 orc priests
  2 gnoll shamans
  3 hounds
  16 orc wizards
  3 iguanas
  A killer bee zombie (D:6)
  A naga zombie (Crypt:1)
  2 hound zombies (D:5)
  A tengu skeleton (Crypt:2)
  A hound skeleton (D:4)
  3 howler monkey zombies
  12 mummies
  A howler monkey skeleton (D:7)
  6 adders
  11 gnolls
  A white imp (D:5)
  2 adder skeletons (D:4)
  A worm (D:2)
  A dart slug (D:4)
  64 orcs
  8 endoplasms
  4 giant cockroaches
  7 goblins
  5 hobgoblins
  A jackal (D:2)
  2 quokkas
  6 ball pythons
  12 bats
  6 frilled lizards
  A gnoll skeleton (Crypt:2)
  2 goblin zombies (Ossuary)
  15 hobgoblin zombies (Ossuary)
  A jackal zombie (Ossuary)
  16 kobolds
  5 kobold zombies (Ossuary)
  10 orc zombies (Ossuary)
  8 rats
  A butterfly (Lair:1)
1688 creatures vanquished.

Vanquished Creatures (collateral kills)
  A dread lich (Crypt:3)
  2 ancient liches (Crypt:3)
  A juggernaut (Depths:3)
  A shard shrike (shapeshifter) (Elf:1)
  Saint Roka (Crypt:3)
  A tentacled monstrosity (Depths:3)
  The ghost of Meod the Warrior, an adept MiBe of Trog (Shoals:2)
  Asterion (Elf:2)
  Agnes (Elf:1)
  2 ancient champions
  A sphinx (Crypt:3)
  A revenant (Crypt:2)
  2 frost giants
  A deep elf sorcerer (Elf:1)
  4 vault wardens
  An emperor scorpion (Spider:4)
  The ghost of AttackTheMoon the Cleaver, a journeyman DDDe of the Shining One (Orc:2)
  A very ugly thing (Depths:2)
  5 ironbound preservers
  3 war gargoyles (Crypt:3)
  2 stone giants (Depths:2)
  2 vampire knights
  The ghost of packetloss the Transmogrifier, a journeyman DrTm of Gozag (Elf:1)
  A dire elephant (Vaults:3)
  A merfolk javelineer (Shoals:4)
  2 fire dragons (Depths:3)
  2 eidola
  A deep elf death mage (Crypt:1)
  A great orb of eyes (Depths:3)
  A yaktaur captain (Vaults:3)
  A jiangshi (Crypt:1)
  2 rakshasas
  2 ironbound thunderhulks
  2 vault guards
  An ice dragon (Depths:2)
  A death knight (Crypt:1)
  A deep troll shaman (Depths:3)
  A merfolk avatar (Shoals:2)
  2 tengu warriors (Depths:2)
  An ironbound beastmaster (Vaults:2)
  A vampire mage (Crypt:1)
  A spriggan berserker (Depths:3)
  A deep troll earth mage (Depths:2)
  2 hell knights (Crypt:3)
  A shadow wraith (Crypt:1)
  2 storm dragon skeletons
  5 skeletal warriors
  15 deep trolls
  A flayed ghost (Crypt:1)
  A golden dragon zombie (Crypt:3)
  2 wizards
  A lindwurm (Vaults:4)
  9 phantasmal warriors
  An ironbound convoker (Vaults:2)
  3 necromancers
  An orb spider (Spider:4)
  2 deep elf zephyrmancers
  A mana viper (shapeshifter) (Elf:3)
  A fire giant zombie (Crypt:2)
  2 deep elf pyromancers
  A wolf spider (Spider:4)
  3 ugly things
  A frost giant zombie (Crypt:2)
  2 merfolk sirens (Shoals:2)
  A guardian serpent (shapeshifter) (Elf:1)
  2 smoke demons (Crypt:3)
  A vault sentinel (Vaults:2)
  A catoblepas zombie (Crypt:2)
  4 yaktaurs (Vaults:4)
  A demonic crawler (Spider:4)
  A guardian mummy (Crypt:3)
  3 tengu conjurers
  2 red devils (Crypt:3)
  A merfolk (Shoals:4)
  4 slime creatures
  An ettin zombie (Crypt:1)
  An ice dragon zombie (Crypt:1)
  A jumping spider zombie (Crypt:1)
  4 flying skulls
  2 shadows (Crypt:3)
  3 wraiths (Crypt:1)
  A torturous demonspawn zombie (Crypt:1)
  A water nymph skeleton (Crypt:1)
  A hell hound (Crypt:2)
  A manticore zombie (Crypt:3)
  A spectral wolf (Crypt:2)
  A human simulacrum (Crypt:1)
  2 mummies (Crypt:3)
161 creatures vanquished.

Vanquished Creatures (others)
  Rupert (D:14)
  2 deep elf blademasters (Elf:3)
  2 deep elf master archers (Elf:3)
  3 deep elf sorcerers (Elf:3)
  A fire giant (Depths:2)
  7 deep elf elementalists (Elf:3)
  4 deep elf demonologists (Elf:3)
  2 spark wasps
  6 deep elf annihilators (Elf:3)
  3 deep elf death magi (Elf:3)
  2 deep elf high priests (Elf:3)
  A vault guard (D:14)
  A deep troll (Vaults:3)
  A deep troll earth mage (Depths:1)
  A hell knight (Depths:3)
  3 deep elf knights
  2 deep elf archers (Elf:3)
  2 wizards
  5 deep elf pyromancers
  4 deep elf zephyrmancers (Elf:3)
  An air elemental (Elf:3)
  A human (D:14)
  A wraith (Crypt:3)
  A hell hound (Crypt:2)
  An orc wizard (D:10)
  3 bushes
  60 fungi
  175 plants
  10 starspawn tentacles (Elf:3)
  A withered plant (Crypt:3)
307 creatures vanquished.

Grand Total: 2156 creatures vanquished

Notes
Turn   | Place    | Note
-------+----------+-------------------------------------------
     0 | Abyss:1  | belegose the Merfolk Abyssal Knight began the quest for the
                  | Orb.
     0 | Abyss:1  | Reached XP level 1. HP: 18/18 MP: 2/2
    36 | Abyss:2  | Noticed a spatial vortex
    37 | Abyss:2  | Noticed a spatial maelstrom
    37 | Abyss:2  | Noticed a spatial vortex
    37 | Abyss:2  | Noticed a spatial vortex
    40 | Abyss:2  | Noticed a spatial vortex
    41 | Abyss:2  | Noticed a spatial vortex
    41 | Abyss:2  | Noticed a spatial vortex
    42 | D:1      | Escaped the Abyss
   411 | D:1      | Reached XP level 2. HP: 24/24 MP: 3/3
   715 | D:1      | Reached * piety under Lugonu
   716 | D:1      | Reached skill level 1 in Stealth
  1035 | D:2      | Reached XP level 3. HP: 21/29 MP: 4/4
  1690 | D:2      | Reached XP level 4. HP: 19/37 MP: 5/5
  2031 | D:2      | Reached skill level 1 in Armour
  2079 | D:2      | Reached skill level 1 in Throwing
  2395 | D:2      | Found Boebb's Antique Weapon Boutique.
  2398 | D:2      | Found a faded altar of an unknown god.
  2409 | D:2      | Reached XP level 5. HP: 42/42 MP: 7/7
  2432 | D:2      | Reached ** piety under Lugonu
  2672 | D:3      | Found Ityishio's Distillery.
  2681 | D:3      | Bought a potion of degeneration for 10 gold pieces
  2894 | D:3      | Reached skill level 1 in Polearms
  3140 | D:3      | Found Xazuxasch's Armour Shoppe.
  3484 | D:3      | Found Veodiu's Distillery.
  4017 | D:4      | Found a sand-covered staircase.
  4068 | Ossuary  | Entered an ossuary
  4391 | Ossuary  | Reached XP level 6. HP: 48/48 MP: 8/8
  4576 | Ossuary  | Reached *** piety under Lugonu
  4796 | Ossuary  | Reached XP level 7. HP: 39/55 MP: 9/9
  5071 | D:4      | Found a staircase to the Ecumenical Temple.
  5085 | Temple   | Entered the Ecumenical Temple
  5223 | D:4      | Found Vaczorat's Distillery.
  5233 | D:4      | Bought 2 potions of heal wounds for 130 gold pieces
  5828 | D:5      | Entered Level 5 of the Dungeon
  5935 | D:4      | Reached skill level 5 in Fighting
  6354 | D:5      | Reached XP level 8. HP: 58/62 MP: 11/11
  7239 | D:6      | Noticed Pikel
  7284 | D:6      | Noticed Sigmund
  7334 | D:6      | Identified the +3 trident "String" {vorpal, rF+}
  7400 | D:6      | Noticed Menkaure
  7568 | D:6      | Reached skill level 5 in Polearms
  8108 | D:5      | Killed Sigmund
  8109 | D:5      | Reached skill level 5 in Stealth
  8109 | D:5      | Reached skill level 5 in Invocations
  8499 | D:5      | Reached XP level 9. HP: 25/69 MP: 7/12
  8886 | D:4      | HP: 1/69 [disintegration (25)]
  8889 | D:4      | Killed Pikel
  9502 | D:7      | Found a hide-covered altar of Uskayaw.
  9518 | D:7      | Reached skill level 5 in Throwing
  9606 | D:7      | Found a sparkling altar of Nemelex Xobeh.
  9606 | D:7      | Found an iron altar of Okawaru.
  9606 | D:7      | Found a shimmering altar of Xom.
  9611 | D:7      | Found a basalt altar of Yredelemnul.
  9611 | D:7      | Found a burning altar of Makhleb.
  9612 | D:7      | Found a stormy altar of Qazlal.
  9748 | D:7      | Identified the +11 mace of Debboav {freeze, rCorr Int+5
                  | Dex-4 SInv}
 10209 | D:8      | Noticed a two-headed ogre
 10334 | D:8      | Reached **** piety under Lugonu
 10454 | D:8      | Reached XP level 10. HP: 63/79 MP: 13/15
 10921 | D:8      | Banished a two-headed ogre
 10987 | D:8      | Found a bloodstained altar of Trog.
 11214 | D:8      | Reached skill level 5 in Dodging
 11487 | D:8      | Found a hazy altar of Hepliaklqana.
 11509 | D:8      | Found a snail-covered altar of Cheibriados.
 12172 | D:9      | Reached skill level 1 in Evocations
 12190 | D:9      | Noticed a kobold demonologist
 12291 | D:9      | Found a runed translucent gate.
 12291 | D:9      | Found a runed translucent gate.
 12292 | D:9      | Found a runed translucent gate.
 12293 | D:9      | Noticed barney's ghost (novice DrTm)
 12450 | D:9      | Identified the +0 ring mail of the Nine Moons {Slay+5}
 12791 | D:10     | Entered Level 10 of the Dungeon
 13122 | D:10     | Reached XP level 11. HP: 61/84 MP: 17/17
 13219 | D:10     | Learned a level 2 spell: Poisonous Vapours
 13406 | D:10     | Reached skill level 1 in Poison Magic
 13547 | D:10     | Noticed Nergalle
 13606 | D:10     | Killed Nergalle
 13607 | D:10     | Reached skill level 1 in Air Magic
 14108 | D:10     | Found a white marble altar of Elyvilon.
 14118 | D:10     | Found an opulent altar of Gozag.
 14121 | D:10     | Found a shimmering blue altar of Sif Muna.
 14378 | D:11     | Noticed a four-headed hydra
 14396 | D:11     | Killed a one-headed hydra
 14589 | D:11     | Found a staircase to the Lair.
 14970 | D:11     | Found a staircase to the Orcish Mines.
 15391 | Orc:1    | Entered Level 1 of the Orcish Mines
 16507 | Orc:2    | Entered Level 2 of the Orcish Mines
 16529 | Orc:2    | Noticed an orc sorcerer
 16559 | Orc:2    | Paralysed by an orc sorcerer for 7 turns
 16572 | Orc:1    | Killed an orc sorcerer
 16735 | Orc:2    | Found a staircase to the Elven Halls.
 16761 | Orc:2    | Found a large runed translucent door.
 16763 | Orc:2    | Found a large runed translucent door.
 16766 | Orc:2    | Noticed AttackTheMoon's ghost (journeyman DDDe)
 17114 | Orc:2    | Noticed an orc knight
 17249 | Orc:1    | Killed an orc knight
 17295 | Orc:2    | Reached ***** piety under Lugonu
 17851 | Orc:2    | Noticed an ogre mage
 17851 | Orc:2    | Noticed a two-headed ogre
 17852 | Orc:2    | Noticed an ogre mage
 17859 | Orc:2    | Noticed a two-headed ogre
 17887 | Orc:2    | Found Utoasm's Assorted Antiques.
 17887 | Orc:2    | Found Qarphego's Antique Armour Boutique.
 17887 | Orc:2    | Noticed a two-headed ogre
 17887 | Orc:2    | Noticed a two-headed ogre
 17887 | Orc:2    | Noticed a two-headed ogre
 17889 | Orc:2    | Found Feesehia's Antique Weapon Shop.
 17889 | Orc:2    | Found Idalota's Armour Emporium.
 17889 | Orc:2    | Noticed a two-headed ogre
 17889 | Orc:2    | Noticed a two-headed ogre
 17889 | Orc:2    | Noticed an ogre mage
 17889 | Orc:2    | Noticed a two-headed ogre
 17892 | Orc:2    | Noticed a two-headed ogre
 18505 | Orc:2    | Reached skill level 5 in Evocations
 18540 | Orc:1    | Killed an ogre mage
 18541 | Orc:1    | Reached XP level 12. HP: 83/91 MP: 19/19
 18770 | Orc:2    | Noticed a two-headed ogre
 18779 | Orc:2    | Killed a two-headed ogre
 18780 | Orc:2    | Reached skill level 5 in Poison Magic
 18808 | Orc:2    | Reached skill level 10 in Invocations
 18815 | Orc:2    | Noticed a two-headed ogre
 18835 | Orc:2    | Killed a two-headed ogre
 19095 | Orc:2    | Killed an ogre mage
 19173 | Orc:2    | Killed a two-headed ogre
 19174 | Orc:2    | Reached skill level 10 in Polearms
 19363 | Orc:1    | Killed a two-headed ogre
 19630 | Orc:2    | Banished a two-headed ogre
 19636 | Orc:2    | Banished a two-headed ogre
 19688 | Orc:2    | Killed a two-headed ogre
 19757 | Orc:2    | Noticed an ogre mage
 19784 | Orc:2    | Killed an ogre mage
 19875 | Orc:1    | Killed an ogre mage
 20054 | Orc:2    | Killed a two-headed ogre
 20143 | Orc:2    | Learned a level 4 spell: Olgreb's Toxic Radiance
 20315 | Orc:2    | Killed a two-headed ogre
 20529 | Orc:2    | Killed a two-headed ogre
 20530 | Orc:2    | Reached XP level 13. HP: 59/96 MP: 9/21
 20694 | Orc:2    | Bought a brightly glowing marble ring for 175 gold pieces
 20694 | Orc:2    | Identified the ring of Dunwiuk {rN+ Str+2 Dex+6} (You
                  | bought it in a shop on level 2 of the Orcish Mines)
 20697 | Orc:2    | Bought a pair of embroidered boots for 232 gold pieces
 20697 | Orc:2    | Bought a runed helmet for 232 gold pieces
 20697 | Orc:2    | Bought an embroidered cloak for 232 gold pieces
 21106 | Lair:1   | Entered Level 1 of the Lair of Beasts
 21287 | Lair:1   | Identified a scroll of acquirement
 21288 | Lair:1   | Acquired a +2 vampiric demon trident
 22109 | Lair:1   | Identified the +7 chain mail of the Ecumenical Temple
                  | {+Blink}
 23017 | Lair:2   | Found a staircase to the Shoals.
 23403 | Lair:2   | You fall into a shaft and drop 1 floor!
 23447 | Lair:3   | Noticed Gastronok
 24517 | Lair:3   | Found a hole to the Spider Nest.
 24550 | Lair:3   | Reached XP level 14. HP: 103/103 MP: 19/23
 25044 | Lair:3   | Killed Gastronok
 26456 | Lair:5   | Noticed Kirke
 26472 | Lair:5   | Reached skill level 10 in Poison Magic
 26583 | Lair:5   | Found a dark tunnel.
 26592 | Volcano  | Entered a volcano
 26658 | Volcano  | Reached ****** piety under Lugonu
 26785 | Volcano  | Noticed a red draconian
 26798 | Volcano  | Banished a red draconian
 26936 | Volcano  | Found a burning altar of Makhleb.
 26975 | Volcano  | Found a burning altar of Makhleb.
 27040 | Lair:5   | Reached skill level 10 in Evocations
 27629 | Lair:6   | Entered Level 6 of the Lair of Beasts
 28367 | Lair:5   | Identified the +3 leather armour of Weirdness {Will+ Int+2
                  | SInv}
 28512 | Lair:5   | Learned a level 3 spell: Call Canine Familiar
 28904 | Lair:5   | You fall into a shaft and drop 1 floor!
 29118 | Lair:5   | Killed Kirke
 29119 | Lair:5   | Reached skill level 1 in Spellcasting
 29119 | Lair:5   | Reached skill level 1 in Summonings
 29208 | Lair:5   | Found a staircase to the Slime Pits.
 29804 | Lair:5   | Identified the +1 leather armour of Kiam {SInv}
 29931 | Lair:5   | Reached XP level 15. HP: 42/110 MP: 25/25
 31149 | Lair:6   | Got Gatines's Incunabulum of Battle Magic
 32622 | D:12     | Found an iron altar of Okawaru.
 32636 | D:12     | Identified the +8 mace of Zokk {holy, Contam Will++ Dex+4}
 32806 | D:12     | Identified the +3 leather armour of Sicvut {Slay+2}
 32813 | D:12     | Reached skill level 5 in Shields
 33080 | D:12     | Noticed Erolcha
 33178 | D:12     | Killed Erolcha
 33650 | D:13     | Found Osium's Weapon Shop.
 35806 | D:13     | Reached skill level 5 in Summonings
 36266 | D:13     | Found a portal to a secret trove of treasure.
 36332 | D:13     | Found a runed translucent door.
 36332 | D:13     | Found the +2 shield of Resistance {rF++ rC++ Will++}
 36344 | D:13     | Found a runed translucent door.
 37271 | D:14     | Reached skill level 10 in Stealth
 37271 | D:14     | Reached skill level 5 in Spellcasting
 37912 | D:14     | Noticed Rupert
 37930 | D:14     | Reached XP level 16. HP: 118/118 MP: 26/26
 38196 | D:14     | Killed Rupert
 38251 | D:14     | Found a gate to the Vaults.
 38439 | D:15     | Entered Level 15 of the Dungeon
 39518 | D:15     | Identified the +4 falchion "Eniok" {vorpal, +Rage rPois
                  | Str+2 SInv}
 39670 | D:15     | Found a staircase to the Depths.
 40839 | Shoals:1 | Entered Level 1 of the Shoals
 41570 | Shoals:2 | Noticed Polyphemus
 41802 | Shoals:2 | Found a runed translucent gate.
 41802 | Shoals:2 | Found a runed translucent gate.
 41802 | Shoals:2 | Found a runed translucent gate.
 41916 | Shoals:2 | Noticed Ilsuiw
 42102 | Shoals:2 | HP: 4/120 [Polyphemus/large rock (21)]
 42523 | Shoals:1 | Killed Polyphemus
 43035 | Shoals:2 | Noticed Meod's ghost (adept MiBe)
 43581 | Shoals:3 | Noticed Mara
 43593 | Shoals:3 | Noticed belegose's illusion
 43723 | Shoals:2 | Reached XP level 17. HP: 127/127 MP: 27/27
 43789 | Shoals:3 | Reached skill level 10 in Fighting
 44366 | Shoals:4 | Entered Level 4 of the Shoals
 45538 | Shoals:4 | Got a barnacled rune of Zot
 45969 | Shoals:4 | Reached skill level 10 in Shields
 46304 | Shoals:4 | Got the Guide on Ensnaring Lightness
 46373 | Shoals:4 | Learned a level 3 spell: Confusing Touch
 46430 | Shoals:4 | Reached skill level 1 in Hexes
 46512 | Shoals:4 | Found a runed translucent gate.
 46512 | Shoals:4 | Found a runed translucent gate.
 46512 | Shoals:4 | Found a runed translucent gate.
 47961 | Lair:2   | Learned a level 3 spell: Summon Guardian Golem
 48016 | Spider:1 | Entered Level 1 of the Spider Nest
 48016 | Spider:1 | Noticed Nikola
 48041 | Lair:3   | Killed Nikola
 48444 | Spider:1 | Reached skill level 10 in Throwing
 48561 | Spider:1 | Reached skill level 5 in Hexes
 48649 | Spider:2 | Noticed Arachne
 49554 | Spider:2 | Banished Arachne
 49674 | Spider:2 | Reached XP level 18. HP: 136/136 MP: 20/28
 49957 | Spider:2 | Noticed Aizul
 49997 | Spider:2 | Killed Aizul
 50186 | Spider:2 | Noticed Azrael
 50240 | Spider:1 | Killed Azrael
 50972 | Spider:2 | Learned a level 3 spell: Swiftness
 51286 | Spider:3 | Reached skill level 10 in Dodging
 51859 | Spider:3 | Got the Collected Works on Poisonous Hexes
 51884 | Spider:2 | Learned a level 5 spell: Summon Mana Viper
 52908 | Spider:4 | Entered Level 4 of the Spider Nest
 54297 | Spider:4 | Identified the +5 hand crossbow "Cied" {elec, Will+}
 54468 | Spider:4 | Reached XP level 19. HP: 147/147 MP: 29/29
 55611 | Spider:4 | Got a gossamer rune of Zot
 55876 | Elf:1    | Entered Level 1 of the Elven Halls
 55876 | Elf:1    | Found a runed translucent gate.
 55876 | Elf:1    | Found a runed translucent gate.
 55876 | Elf:1    | Found a runed translucent gate.
 55876 | Elf:1    | Found a runed translucent gate.
 55876 | Elf:1    | Found a runed translucent gate.
 55876 | Elf:1    | Found a runed translucent gate.
 55883 | Elf:1    | Found a runed translucent door.
 55977 | Elf:1    | Found a runed translucent door.
 56032 | Elf:1    | Found a magical portal.
 56074 | WizLab   | Entered The Hall of the Hellbinder
 58122 | Elf:1    | Reached skill level 10 in Summonings
 58191 | Elf:1    | Found a transporter.
 58194 | Elf:1    | Noticed packetloss's ghost (journeyman DrTm)
 58291 | Elf:1    | Found a transporter.
 58361 | Elf:1    | Reached skill level 10 in Hexes
 58724 | Orc:2    | Killed AttackTheMoon's ghost
 58731 | Orc:2    | Identified the +5 dagger of the Hand {drain, rN+ Will+}
 58877 | Vaults:1 | Entered Level 1 of the Vaults
 59891 | Vaults:1 | Found a large runed translucent door.
 59891 | Vaults:1 | Found a large runed translucent door.
 59891 | Vaults:1 | Noticed Sianeop's ghost (adept GrFi)
 61583 | Vaults:2 | Reached XP level 20. HP: 151/156 MP: 21/30
 61591 | Vaults:2 | Noticed Frederick
 61605 | Vaults:2 | Killed Frederick
 61791 | Vaults:3 | Acquired 705 gold pieces
 62217 | D:4      | Bought a potion of resistance for 130 gold pieces
 62217 | D:4      | Bought a potion of heal wounds for 65 gold pieces
 62217 | D:4      | Bought a potion of cancellation for 104 gold pieces
 62217 | D:4      | Bought a potion of resistance for 130 gold pieces
 62217 | D:4      | Bought 2 potions of heal wounds for 130 gold pieces
 62217 | D:4      | Bought a potion of berserk rage for 65 gold pieces
 62217 | D:4      | Bought 2 potions of haste for 260 gold pieces
 62293 | D:3      | Bought a potion of haste for 100 gold pieces
 62293 | D:3      | Bought a potion of cancellation for 80 gold pieces
 62293 | D:3      | Bought a potion of magic for 80 gold pieces
 62293 | D:3      | Bought a potion of cancellation for 80 gold pieces
 62339 | D:3      | Bought a potion of curing for 36 gold pieces
 62339 | D:3      | Bought a potion of heal wounds for 60 gold pieces
 62339 | D:3      | Bought a potion of lignification for 36 gold pieces
 62339 | D:3      | Bought a potion of invisibility for 96 gold pieces
 62339 | D:3      | Bought a potion of berserk rage for 60 gold pieces
 62339 | D:3      | Bought a potion of curing for 36 gold pieces
 62339 | D:3      | Bought a potion of heal wounds for 60 gold pieces
 64145 | Vaults:3 | Found a staircase to the Crypt.
 64145 | Vaults:3 | Found a basalt altar of Yredelemnul.
 64146 | Vaults:3 | Found an ancient bone altar of Kikubaaqudgha.
 66919 | Vaults:4 | Found a flickering gateway to a bazaar.
 66933 | Bazaar   | Entered a bazaar
 67061 | Bazaar   | Found Owewy's Book Emporium.
 67069 | Bazaar   | Found Etaihext's Weapon Shop.
 67110 | Bazaar   | Found Byciri's Weapon Shoppe.
 67118 | Bazaar   | Found Dome's Assorted Antiques.
 67148 | Bazaar   | Bought a potion of lignification for 60 gold pieces
 67148 | Bazaar   | Bought an encrusted whip for 150 gold pieces
 67148 | Bazaar   | Identified the +9 whip of the Shoals {freeze, rF+ Str+2}
                  | (You bought it in a shop in a bazaar)
 67148 | Bazaar   | Bought a scroll of amnesia for 70 gold pieces
 67148 | Bazaar   | Bought a scroll of teleportation for 60 gold pieces
 67359 | Vaults:4 | Reached XP level 21. HP: 132/162 MP: 28/33
 67661 | Vaults:4 | Learned a level 1 spell: Animate Skeleton
 67980 | Vaults:4 | Reached skill level 1 in Necromancy
 68361 | Vaults:4 | Noticed Sojobo
 68386 | Vaults:4 | Paralysed by an air elemental for 1 turns
 68390 | Vaults:4 | Paralysed by an air elemental for 1 turns
 68877 | Elf:2    | Paralysed by an air elemental for 1 turns
 68880 | Elf:2    | Paralysed by an air elemental for 1 turns
 69006 | Elf:3    | Entered Level 3 of the Elven Halls
 69868 | Elf:2    | Noticed Agnes
 69896 | Elf:1    | Killed Agnes
 70587 | Elf:2    | Noticed Asterion
 70599 | Elf:2    | Killed Asterion
 70784 | Elf:2    | Paralysed by an air elemental for 1 turns
 70794 | Elf:2    | Reached skill level 15 in Dodging
 70796 | Elf:2    | Paralysed by an air elemental for 1 turns
 70922 | Elf:2    | Found Guxt's Jewellery Shop.
 70922 | Elf:2    | Found Itraizy's Book Shoppe.
 70923 | Elf:2    | Found Pocina Kyvy's Jewellery Shop.
 71055 | Elf:2    | Found a runed translucent gate.
 71057 | Elf:2    | Found a runed translucent gate.
 71062 | Elf:2    | Found a runed translucent gate.
 71521 | Elf:3    | Found Xiroj's Assorted Antiques.
 71703 | Elf:3    | Found a radiant altar of Vehumet.
 71763 | Elf:3    | Reached skill level 10 in Spellcasting
 71773 | Elf:3    | Learned a level 6 spell: Invisibility
 72134 | Elf:3    | Corrupted Elf:3
 72134 | Elf:3    | Noticed a bone dragon
 72141 | Elf:3    | Noticed a bone dragon
 72364 | Elf:3    | Got the Reference Book on the Entourage
 72400 | Elf:3    | Identified the +7 spear of World's End {venom, *Slow rN+
                  | MP+9 Dex+3}
 72418 | Elf:3    | Found the +8 longbow "Zephyr" {speed, Dex+3 SInv}
 72455 | Elf:3    | Identified the +4 rapier "Earthworm" {freeze, Str+4 Dex+4}
 72458 | Elf:3    | Identified the ring of Dolinodo {rF+ Slay+2}
 72467 | Elf:3    | Identified the +8 hunting sling of Instant Death {venom,
                  | Str+4}
 72468 | Elf:3    | Identified the +2 chain mail of Ru's Respect {rF+ rCorr}
 72862 | Depths:1 | Entered Level 1 of the Depths
 72862 | Depths:1 | Found a gateway to Hell.
 73963 | Depths:1 | Found a one-way gate to the infinite horrors of the Abyss.
 75119 | Depths:2 | Found Plog's General Store.
 75343 | Depths:2 | Bought a potion of heal wounds for 70 gold pieces
 75379 | Depths:2 | Reached XP level 22. HP: 144/172 MP: 18/36
 75594 | Depths:2 | Identified the +8 broad axe "Ociy" {pain, rElec Int+3
                  | Dex+3}
 76933 | Depths:3 | Found a one-way gate leading to the halls of Pandemonium.
 77502 | Depths:3 | Noticed a juggernaut
 77527 | Depths:3 | Found a snail-covered altar of Cheibriados.
 77528 | Depths:3 | Found a white marble altar of Elyvilon.
 77943 | Depths:3 | Identified the +1 pair of gloves of Somewhere Else {Fly
                  | rF+}
 78111 | Depths:3 | Found a basalt altar of Yredelemnul.
 78113 | Depths:3 | Found a sparkling altar of Nemelex Xobeh.
 78322 | Depths:3 | Killed a juggernaut
 78986 | Depths:3 | Found a burning altar of Makhleb.
 79186 | Depths:3 | Noticed a juggernaut
 79769 | Depths:3 | Noticed a golden dragon
 79797 | Depths:3 | Killed a golden dragon
 80501 | Elf:2    | Bought the ring "Olixt" {rPois rF+ rC+ Will+ rCorr} for 870
                  | gold pieces
 80604 | Orc:2    | Bought a potion of curing for 105 gold pieces
 80604 | Orc:2    | Bought a scroll of teleportation for 105 gold pieces
 80604 | Orc:2    | Bought a scroll of enchant armour for 262 gold pieces
 80604 | Orc:2    | Bought a potion of curing for 105 gold pieces
 80604 | Orc:2    | Bought a potion of heal wounds for 175 gold pieces
 81660 | Elf:1    | Gained mutation: You do not regenerate when monsters are
                  | visible. [a shining eye]
 81661 | Elf:1    | Gained mutation: You are somewhat resistant to further
                  | mutation. [a shining eye]
 81753 | Elf:1    | Noticed a caustic shrike
 81756 | Elf:1    | Noticed a golden dragon
 81756 | Elf:1    | a caustic shrike changed into a golden dragon
 81757 | Elf:1    | a golden dragon changed into an iron giant
 81758 | Elf:1    | Noticed a golden dragon
 81758 | Elf:1    | an iron giant changed into a golden dragon
 81764 | Elf:1    | a golden dragon changed into a rockslime
 81766 | Elf:1    | Noticed a shard shrike
 81766 | Elf:1    | a rockslime changed into a shard shrike
 81777 | Elf:1    | Killed a shard shrike
 81778 | Elf:1    | Reached skill level 5 in Armour
 81834 | Elf:1    | Killed packetloss's ghost
 81917 | Elf:1    | Identified the amulet of Qazlal's Vengeance {rPois Regen+
                  | Str+7 Dex-3 SInv}
 81919 | Elf:1    | Identified the +2 helmet "Oskiruj" {Harm rElec rPois rC-}
 82241 | Shoals:2 | Killed Ilsuiw
 82311 | Shoals:2 | Killed Meod's ghost
 82312 | Shoals:2 | Reached XP level 23. HP: 116/180 MP: 2/37
 82488 | Shoals:2 | Identified the +1 pair of boots of the Stonemason {rF-
                  | Slay+3 SInv}
 82830 | Depths:3 | Identified the +12 battleaxe of Wu Jian's Hatred {speed,
                  | rElec rN+}
 83009 | Depths:3 | Identified the +6 dagger "Rithohao" {vorpal, +Rage rPois
                  | Str+6 Int-3}
 83091 | Depths:3 | Got the Compendium of Transformation and the Traveller
 83155 | Depths:3 | Found a runed translucent door.
 83155 | Depths:3 | Found a runed translucent door.
 83155 | Depths:3 | Noticed a juggernaut
 83216 | Depths:3 | Reached skill level 15 in Shields
 83303 | Depths:3 | Noticed a caustic shrike
 83303 | Depths:3 | an iron giant changed into a caustic shrike
 83309 | Depths:3 | a caustic shrike changed into an acid blob
 83527 | Depths:3 | Found a runed translucent door.
 83530 | Depths:3 | Found a runed translucent door.
 83530 | Depths:3 | Found a runed translucent door.
 83568 | Depths:3 | Identified the +2 scale mail "Vuimeusk" {Harm *Corrode
                  | rElec Str+4}
 83772 | Depths:3 | Noticed a caustic shrike
 83780 | Depths:3 | Killed a caustic shrike
 83851 | Depths:3 | Noticed a juggernaut
 84805 | Depths:3 | Noticed a shard shrike
 84805 | Depths:3 | a shard shrike changed into a rockslime
 84807 | Depths:3 | Noticed a shard shrike
 84807 | Depths:3 | a rockslime changed into a shard shrike
 85767 | Depths:4 | Found Xavoi's Antique Armour Shop.
 86029 | Depths:4 | Noticed Mennas
 86277 | Depths:4 | Learned a level 7 spell: Ozocubu's Refrigeration
 86575 | Crypt:1  | Entered Level 1 of the Crypt
 87084 | Vaults:3 | Reached skill level 1 in Ice Magic
 88113 | Crypt:1  | Reached skill level 5 in Ice Magic
 89112 | Crypt:1  | Identified the +2 scale mail of Midnight {Will+ Str+4 Dex-4
                  | SInv}
 90686 | Crypt:2  | Reached XP level 24. HP: 187/187 MP: 37/37
 91172 | Crypt:2  | Found a basalt altar of Yredelemnul.
 91228 | Crypt:2  | Noticed Jory
 91248 | Crypt:2  | Killed Jory
 91781 | Crypt:2  | Got Sif Muna's Guide on Ignition and the Mountains
 92231 | Crypt:3  | Entered Level 3 of the Crypt
 92231 | Crypt:3  | Noticed Saint Roka
 92501 | Crypt:3  | Killed Saint Roka
 92803 | Crypt:3  | Reached skill level 10 in Ice Magic
 93841 | Crypt:3  | Found a staircase to the Tomb.
 94075 | Crypt:3  | Identified the amulet "Torphice" {RegenMP rElec rCorr Int+6
                  | Dex+4}
 94095 | Crypt:3  | Got the Incunabulum of the Wilderness
 94535 | Crypt:3  | Identified the +0 chain mail of the Shining Light {rElec
                  | rN++ Slay-2}
 95660 | Crypt:3  | Found an ancient bone altar of Kikubaaqudgha.
 95662 | Crypt:3  | Noticed an ancient lich
 95689 | Crypt:3  | Killed an ancient lich
 96069 | Crypt:3  | Noticed a dread lich
 96280 | Crypt:3  | Found the +13 scythe of Curses {drain, Drain}
 96317 | Crypt:3  | Killed a dread lich
 96319 | Crypt:3  | Noticed an ancient lich
 96333 | Crypt:3  | Killed an ancient lich
 97358 | Vaults:4 | Gained mutation: You occasionally shout uncontrollably at
                  | your foes. [mutagenic glow]
 97376 | Vaults:4 | Killed from afar by a tengu reaver

Illustrated notes

Levels and vault maps discovered:
D:1:      dpeg_arrival_yet_another_circle, layout_loops_ring
D:2:      minmay_recursive_quarters, layout_basic, basic_ecumenical_altar,
          serial_shops, nicolae_shop_statue_plus, minmay_tall_x
D:3:      layout_basic, serial_shops, nicolae_shop_trees, shop, shop_fountains
D:4:      layout_gridville, minmay_temple_entry_drinking_statues,
          nicolae_ossuary_entry_false_entrances, serial_shops,
          nicolae_shop_temple_entry_statues_fountains
D:5:      layout_rooms
D:6:      layout_rooms, uniq_pikel, uniq_sigmund, uniq_menkaure
D:7:      layout_loops_cross, grunt_temple_overflow_open
D:8:      layout_basic, mainiacjoe_overflow_catwalk_spiral, trog_ov_bears_minmay
D:9:      layout_loops_ring, gammafunk_ghost_nasty_kobolds
D:10:     layout_irregular_city, lemuel_round_altar,
          nicolae_overflow_hidden_temple, chequers_serial_rivers_room_a,
          nrook_mini_vaults, uniq_nergalle
D:11:     layout_rooms, lair_entry_dummy, orc_0_dummy, serial_co_window_serial,
          co_window_corner_a, co_window_corner_a, co_window_corner_a,
          co_window_paths_a, co_window_paths_a, co_window_paths_a,
          co_window_paths_b, co_window_broadway_a, co_window_broadway_b,
          co_window_of_opportunity_b, co_window_broadway_c,
          co_window_of_opportunity_c, co_window_unsneaky_path_c,
          glass_columns_b, glass_columns_c, glass_columns_c, glass_columns_b
D:12:     layout_roguey, special_room [special_room_bee],
          okawaru_ov_weapons_minmay, uniq_erolcha
D:13:     layout_cave_pods, nicolae_trove_entry_crossroad, serial_shops,
          nicolae_stop_n_shop_2, grunt_ministairs_8,
          minmay_guarded_unrand_resistance
D:14:     layout_loops_ring, ximxim_vaults_locker_room, serial_park_tiny_2,
          minmay_crystal_water, uniq_rupert
D:15:     grunt_enter_depths_magical_seal, layout_stronghold,
          chequers_mini_garden
Temple:   nicolae_temple_figure_zero
Lair:1:   layout_layer_cave, roderic_batcave, minivault_26, lemuel_fruit_fields,
          infiniplex_staircase_pool
Lair:2:   layout_regular_city, minmay_shoals_entry_centaurs,
          cheibrodos_lair_lostbears
Lair:3:   layout_chaotic_city, nicolae_spider_entry_tight_spaces, uniq_gastronok
Lair:4:   layout_long_grid
Lair:5:   layout_small_grid, dpeg_slime_entry_corner,
          nicolae_volcano_entry_two_sided, hibernation_bobbens,
          grunt_megastairs_5, uniq_kirke
Lair:6:   minmay_lair_end_enchanted_forest, layout_loops_ring,
          grunt_megastairs_1
Shoals:1: layout_shoals, nicolae_shoals_square_sea_wall
Shoals:2: layout_shoals, gammafunk_ghost_tricky_traps, uniq_polyphemus,
          uniq_ilsuiw
Shoals:3: layout_shoals, nicolae_shoals_nymph_descending_staircase, uniq_mara
Shoals:4: shoals_end_hangedman, layout_shoals, nicolae_shoals_beach_cooler
Spider:1: layout_spider_delve, uniq_nikola
Spider:2: layout_spider_delve, uniq_arachne, uniq_aizul, uniq_azrael
Spider:3: layout_spider_delve
Spider:4: grunt_spider_rune_island, nicolae_spider_baby_got_redback
Orc:1:    layout_caves
Orc:2:    st_orc_ogre_mass, layout_diamond_mine, ebering_ghost_disaster_area
Elf:1:    nicolae_elf_arrival_dilemma, layout_geoelf_grid,
          gammafunk_ghost_berserking_beasts, lightli_enter_wizlab_magi_temple,
          minmay_elf_crystal_heptagon
Elf:2:    nicolae_elf_blades_splatter_lattice
          [nicolae_vaults_blade_armed_guards], layout_geoelf_octagon,
          minmay_shop_grove, uniq_agnes, uniq_asterion, uniq_donald
Elf:3:    grunt_elf_hall_asides, layout_geoelf_diagonals, serial_shops,
          nicolae_shop_stone, basic_altar, wad_dig_loot
Vaults:1: advil_vaults_ghost_guards, vaults_standard_mumra_x, v_misc_4,
          nicolae_vaults_asterisk, v_misc_30, hangedman_vaults_river_flow,
          vaults_room_stairs_pillars, grunt_vaults_focal,
          nicolae_vaults_diagonal_hallway_7, ontoclasm_vaults_shuriken,
          vaults_room_pool, ontoclasm_vaults_water_temple,
          nicolae_vaults_little_squares_6, vaults_dpeg_encased_lava,
          layout_vaults_ring
Vaults:2: nicolae_vaults_ninety_degrees, ontoclasm_vaults_hangar,
          nicolae_vaults_statue_guard, hangedman_vaults_impose,
          dpeg_vaults_monster_box, grunt_vaults_twisty, layout_vaults_omnigrid,
          uniq_frederick
Vaults:3: nicolae_vaults_big_angled_halls, nicolae_vaults_diagonal_hallway_8,
          grunt_vaults_diagonal, v_misc_28, ontoclasm_vaults_chip,
          v_alt_pattern_5, grunt_vaults_funnel, minmay_crypt_entry_necro_gods,
          v_misc_15, nicolae_vaults_ring_of_whatevers, grunt_vaults_trifunnel,
          nicolae_vaults_hallways_thing, nicolae_vaults_asterisk, v_misc_4,
          nicolae_vaults_shelves_hall, layout_vaults_omnibox
Vaults:4: v_misc_11, hangedman_vaults_cutoff, vaults_room_octagon,
          nicolae_vaults_specimen_jars, ontoclasm_vaults_pinch,
          hangedman_vaults_cutoff, hangedman_vaults_corner_blocks, v_pattern_2,
          v_misc_29, nicolae_vaults_windows_and_doors_thing, v_alt_pattern_4,
          nicolae_vaults_rhombus_6, layout_vaults_maze, serial_shops,
          bzr_entry_road, uniq_sojobo
Crypt:1:  layout_rooms, grunt_crypt_arrival_split
Crypt:2:  lemuel_vampire_tower, layout_misc_corridors, st_stairs_14
Crypt:3:  quadcrypt_mu, uniq_saint_roka
Depths:1: layout_gridlike, abyss_entry, hell_entry, hex_tiny,
          grunt_decor_one_mirror, minmay_guarded_unrand_dyrovepreva
Depths:2: minmay_bloctagon_deflated, layout_gridlike, chequers_big_river,
          pf_hell_entry_tar_spiral, serial_shops, nicolae_shop_waterfront,
          hangedman_decor_clover_reticule
Depths:3: minmay_the_grid_ultimate [minmay_the_grid_prize_trominoes,
          minmay_the_grid_prize_four_corners,
          minmay_the_grid_prize_four_corners_diamond_b,
          minmay_the_grid_prize_four_corners_diamond_a,
          minmay_the_grid_square_5x5_two_small,
          minmay_the_grid_square_5x5_hourglass,
          minmay_the_grid_square_5x5_misaligned,
          minmay_the_grid_square_5x5_dogpile,
          minmay_the_grid_square_5x5_broken_cross,
          minmay_the_grid_square_5x5_tetrominoes,
          minmay_the_grid_square_5x5_lines, minmay_the_grid_square_5x5_inner_v,
          minmay_the_grid_square_5x5_spiral,
          minmay_the_grid_square_5x5_fancy_junction,
          minmay_the_grid_square_5x5_almost_minimal,
          minmay_the_grid_square_5x5_eight,
          minmay_the_grid_square_5x5_checkered,
          minmay_the_grid_square_5x5_shrine1, minmay_the_grid_square_5x5_empty,
          minmay_the_grid_triangle_9x9_empty,
          minmay_the_grid_triangle_9x9_tough_junction,
          minmay_the_grid_triangle_9x9_descending_squares,
          minmay_the_grid_triangle_9x9_swiss_cheese,
          minmay_the_grid_triangle_9x9_longest,
          minmay_the_grid_triangle_9x9_zippers_horizontal,
          minmay_the_grid_triangle_9x9_alien,
          minmay_the_grid_triangle_9x9_steps,
          minmay_the_grid_triangle_9x9_semitri,
          minmay_the_grid_triangle_9x9_shrine,
          minmay_the_grid_triangle_9x9_sprig,
          minmay_the_grid_triangle_9x9_from_above,
          minmay_the_grid_triangle_9x9_fully_insulated_deathbox,
          minmay_the_grid_triangle_9x9_cache,
          minmay_the_grid_triangle_9x9_thin_v,
          minmay_the_grid_triangle_9x9_minimal,
          minmay_the_grid_square_5x5_doubleslash, minmay_the_grid_octo_empty,
          minmay_the_grid_octo_chip, minmay_the_grid_octo_tetromino_candy,
          minmay_the_grid_octo_toaster, minmay_the_grid_octo_pinwheel,
          minmay_the_grid_octo_shrine, minmay_the_grid_octo_teeth,
          minmay_the_grid_octo_clover_2, minmay_the_grid_holed_spiral,
          minmay_the_grid_box_x, minmay_the_grid_minigrid_large,
          minmay_the_grid_dragon_a], hell_entry, pan_entry, serial_shops
Depths:4: cheibrodos_poisonous_passages, layout_cave_shapes, enter_ziggurat_a,
          serial_shops, nicolae_inconvenience_store, lightli_too_deep,
          chequers_serial_rivers_large_b, marbit_kobold_abyss_entry,
          corexii_corridor_pit, st_stairs_13, chequers_serial_rivers_micro_b,
          uniq_mennas

Skill      XL: |  1  2  3  4  5  6  7  8  9 10 11 12 13 14 15 16 17 18 19 20 21 22 23 24 |
---------------+-------------------------------------------------------------------------+-----
Dodging        | 3 6 8 9 12 14 15 | 15.0
Stealth        | 1 2 3 4 5 7 10 11 12 | 12.0
Armour         | 1 2 3 5 9 |  9.0
Throwing       | 1 2 3 4 5 7 10 | 10.0
Fighting       | 4 5 6 7 8 9 10 12 13 14 | 14.8
Polearms       | 1 2 3 5 7 8 9 11 13 14 | 14.0
Invocations    | 3 4 5 6 8 9 11 12 14 | 14.2
Shields        | 4 6 9 10 11 13 14 15 | 15.0
Evocations     | 2 5 7 9 10 | 10.3
Poison Magic   | 4 7 9 10 | 10.0
Air Magic      | 3 4 |  4.0
Long Blades    | 3 |  3.3
Spellcasting   | 2 5 7 8 10 11 | 11.5
Summonings     | 2 5 7 8 11 12 13 | 13.0
Hexes          | 7 9 11 12 13 | 13.3
Necromancy     | 3 |  3.0
Ice Magic      | 7 13 | 13.3

Action                   |  1- 3 |  4- 6 |  7- 9 | 10-12 | 13-15 | 16-18 | 19-21 | 22-24 || total
-------------------------+-------+-------+-------+-------+-------+-------+-------+-------++-------
Melee: Falchion          |    61 |    55 |       |       |       |       |       |       ||   116
       Spear             |    17 |   268 |   271 |       |       |       |       |       ||   556
       Quarterstaff      |       |   113 |       |       |       |       |       |       ||   113
       Trident           |       |       |   214 |   521 |  1024 |    47 |       |       ||  1806
       Scimitar          |       |       |       |     7 |       |       |       |       ||     7
       Demon trident     |       |       |       |       |   500 |  1876 |  2165 |  2684 ||  7225
       Tailslap          |       |       |       |       |       |    37 |     6 |     4 ||    47
       Broad axe         |       |       |       |       |       |       |       |    22 ||    22
Throw: Dart              |    11 |       |       |   108 |    23 |       |       |       ||   142
       Stone             |     1 |       |     8 |       |       |       |       |       ||     9
       Boomerang         |       |       |    42 |    79 |    55 |    60 |    90 |    51 ||   377
       Javelin           |       |       |       |     6 |     6 |       |       |    13 ||    25
 Cast: Poisonous Vapours |       |       |       |    54 |   164 |   198 |    37 |    15 ||   468
       Olgreb's Toxic Ra |       |       |       |       |    41 |    61 |    38 |     6 ||   146
       Call Canine Famil |       |       |       |       |     2 |       |       |       ||     2
       Summon Guardian G |       |       |       |       |       |     4 |     1 |     3 ||     8
       Summon Mana Viper |       |       |       |       |       |     4 |   117 |   232 ||   353
       Animate Skeleton  |       |       |       |       |       |       |     4 |    23 ||    27
       Swiftness         |       |       |       |       |       |       |       |     1 ||     1
Invok: Depart the Abyss  |     1 |       |       |       |       |       |       |       ||     1
       Banish            |       |       |     2 |     3 |     2 |    10 |       |     4 ||    21
       Bend Space        |       |       |       |     5 |     2 |       |     1 |     4 ||    12
       Corrupt           |       |       |       |       |       |       |     1 |       ||     1
Evoke: Wand              |       |       |       |     8 |    13 |    47 |    11 |    30 ||   109
       Condenser vane    |       |       |       |       |     1 |       |       |     1 ||     2
       Box of beasts     |       |       |       |       |       |       |       |     1 ||     1
  Use: Potion            |       |     1 |     1 |       |     2 |     2 |     1 |     5 ||    12
       Scroll            |       |       |       |    13 |    21 |     5 |     5 |    13 ||    57
 Stab: Sleeping          |       |     2 |     9 |     1 |    24 |    16 |    22 |    29 ||   103
       Distracted        |       |       |     1 |     2 |     3 |     5 |    24 |    38 ||    73
       Paralysed         |       |       |       |       |       |     3 |     5 |     2 ||    10
Armor: Leather armour    |    24 |       |       |       |    35 |       |       |       ||    59
       Ring mail         |     8 |   141 |   179 |   108 |   226 |       |       |       ||   662
       Acid dragon scale |       |       |       |     5 |       |       |       |       ||     5
       Swamp dragon scal |       |       |       |       |   183 |   626 |   454 |   113 ||  1376
       Pearl dragon scal |       |       |       |       |       |       |       |   419 ||   419
       Skin              |       |       |       |       |       |       |       |    23 ||    23
Dodge: Dodged            |    52 |   170 |   148 |   189 |   684 |   648 |   641 |   650 ||  3182
Block: Other             |    21 |    83 |    77 |     1 |       |       |       |       ||   182
       Reflection        |       |       |     1 |     2 |     9 |    48 |   119 |    26 ||   205
       Buckler           |       |       |       |   180 |   300 |    68 |       |       ||   548
       Kite shield       |       |       |       |       |    19 |  1371 |  1451 |  1694 ||  4535
       Rpst.: Falchion   |    18 |     6 |       |       |       |       |       |       ||    24
       Scimitar          |       |       |       |     1 |       |       |       |       ||     1
